 Dungeon Sprint DCSS version 0.31-a0-841-g038b102fc3 (webtiles) character file.

Game seed: 16476567694607198246

7704 sircluck the Brawler (level 11, -13/127 HPs)
             Began as a Troll Berserker on Sept 27, 2023.
             Was the Champion of Trog.
             Mangled by a minotaur (21 damage)
             ... in the Dungeon (Sprint VII: "The Pits").
             The game lasted 00:03:21 (1198 turns).

sircluck the Brawler (Troll Berserker)              Turns: 1198, Time: 00:03:22

Health: -13/127    AC:  7    Str: 31    XL:     11   Next: 0%
Magic:  10/10      EV: 15    Int:  3    God:    Trog [******]
Gold:   0          SH:  0    Dex: 12    Spells: 10/10 levels left

rFire   . .          .
                       - Unarmed
rCold   . . .        (no shield)
rNeg    . . .        a - +0 animal skin
rPois   .            (helmet restricted)
rElec   .            (no cloak)
rCorr   .            (gloves unavailable)
SInv    .            (boots unavailable)
Will    .....        (no amulet)
Stlth   +            k - +3 ring of protection
HPRegen 1.21/turn    m - +3 ring of dexterity
MPRegen 0.12/turn

%: no teleportation
@: on berserk cooldown, slowed, very slow
A: large, unfitting armour, claws 3, regeneration 1, shaggy fur 1, tough skin 1
a: Renounce Religion, Berserk, Trog's Hand, Brothers in Arms


You were in the Dungeon.
You worshipped Trog.
Trog was exalted by your worship.
You visited 1 branch

Inventory:

Armour
 a - a +0 animal skin (worn)
Jewellery
 k - a +3 ring of protection (left claw)
 m - a +3 ring of dexterity (right claw)
Scrolls
 i - 2 scrolls of vulnerability
 j - a scroll of summoning
Potions
 b - 8 potions of curing
 c - 4 potions of heal wounds
 d - 4 potions of haste
 e - 4 potions of magic
 f - 4 potions of berserk rage
 h - 2 potions of invisibility
 l - a potion of resistance


   Skills:
 + Level 13.5 Fighting
 + Level 13.3 Dodging
 + Level 15.7 Unarmed Combat


You had 10 spell levels left.
You didn't know any spells.
Your spell library was empty.

Dungeon Overview and Level Annotations

Branches:
Dungeon (1/1)

Altars:
Ashenzari
Cheibriados
Dithmenos
Elyvilon
Fedhas
Gozag
Hepliaklqana
Kikubaaqudgha
Makhleb
Nemelex Xobeh
Okawaru
Qazlal
Ru
Sif Muna
Trog
Uskayaw
Vehumet
Wu Jian
Xom
Yredelemnul
Zin
The Shining One
Jiyva
Lugonu


Innate Abilities, Weirdness & Mutations

You are too large for most types of armour.
You have claws for hands.
Your natural rate of healing is unusually fast.
You are covered in fur. (AC +1)
You have tough skin. (AC +1)


Message History

You feel much better. The scorpion barely misses you. The minotaur hits you!!
* * * LOW HITPOINT WARNING * * *
The minotaur gores you!
* * * LOW HITPOINT WARNING * * *
The scorpion stings you.
* * * LOW HITPOINT WARNING * * *
Unknown command.
Unknown command.
Blink to where?
Press: ? - help, Q - select action, (/) - cycle Dir - move target
As you read the scroll of blinking, it crumbles to dust.
You feel much better.
The minotaur throws a silver javelin.
The silver javelin barely misses you.
The minotaur throws a silver javelin.
The silver javelin pierces through you.
* * * LOW HITPOINT WARNING * * *
You feel much better.
The minotaur throws a silver javelin.
The silver javelin pierces through you!!
* * * LOW HITPOINT WARNING * * *
The minotaur throws a silver javelin.
The silver javelin closely misses you.
You see here a blink frog corpse.
You see here a blink frog corpse.
The minotaur hits you.
The minotaur gores you but does no damage.
There is an open door, spattered with blood here.
You see here a blink frog corpse.
You're still recovering from your berserk rage.
You scratch the minotaur but do no damage.
The minotaur hits you!
* * * LOW HITPOINT WARNING * * *
The minotaur gores you!
* * * LOW HITPOINT WARNING * * *
Your cyclops goes berserk!
The minotaur hits you.
* * * LOW HITPOINT WARNING * * *
The minotaur gores you!
* * * LOW HITPOINT WARNING * * *
You mangle the minotaur!!
The minotaur is moderately wounded.
The minotaur hits you!!
You die...

.#####)#####''###################
###.......##)'# ########
.##.......##..# #...)..#
.##.......##).# #..#'#.......
###...<...##..##..##.##.....#
.##.......##..##.##...##...##
.##.......##.)####.....##.##
###.......##...##).....# ..#
.###########...)@HC....+ .+
############...##......# #
#....#!.[[##..####.....#
#....#..[[##..# ##...##
'....'..))##..# ##.##
#....#..))##..# #+#
#....#..))##..# ###############


You could see a minotaur (ally target) and a friendly cyclops (summoned,
berserk).

Vanquished Creatures
  A great orb of eyes (D)
  A merfolk avatar (D)
  A bog body (D)
  A deep elf pyromancer (D)
  A merfolk siren (D)
  A rust devil (D)
  A molten gargoyle (D)
  An unseen horror (D)
  A cane toad (D)
  A komodo dragon (D)
  A troll (D)
  A polar bear (D)
  5 blink frogs (D)
  2 snapping turtles (D)
  A wyvern (D)
  A fire bat (D)
  Menkaure (D)
  2 vampire mosquitoes (D)
  An acid dragon (D)
  A water moccasin (D)
  A swamp drake (D)
  A sky beast (D)
  A wolf (D)
  Blork the orc (D)
  4 wights (D)
  A quasit (D)
  2 orc priests (D)
  2 orc wizards (D)
  An adder (D)
  2 river rats (D)
  A worm (D)
  4 orcs (D)
  2 giant cockroaches (D)
  11 jackals (D)
  2 kobolds (D)
  A ball python zombie (D)
  A frilled lizard (D)
64 creatures vanquished.

Vanquished Creatures (collateral kills)
  A lindwurm (D)
  A freezing wraith (D)
  An ufetubus (D)
3 creatures vanquished.

Grand Total: 67 creatures vanquished

Notes
Turn   | Place    | Note
-------+----------+-------------------------------------------
     0 | D        | sircluck the Troll Berserker began the quest for the Orb.
     0 | D        | Reached XP level 1. HP: 22/22 MP: 0/0
    11 | D        | Noticed a wight
    27 | D        | Killed a wight
    28 | D        | Reached skill level 5 in Unarmed Combat
    28 | D        | Reached XP level 2. HP: 27/32 MP: 1/1
    28 | D        | Reached XP level 3. HP: 32/39 MP: 2/2
    88 | D        | Noticed a wight
    98 | D        | Killed a wight
    99 | D        | Reached skill level 5 in Fighting
    99 | D        | Reached XP level 4. HP: 17/50 MP: 3/3
   103 | D        | Reached ** piety under Trog
   104 | D        | Reached skill level 6 in Unarmed Combat
   148 | D        | Reached skill level 5 in Dodging
   148 | D        | Reached XP level 5. HP: 58/58 MP: 4/4
   157 | D        | Reached skill level 7 in Unarmed Combat
   193 | D        | Reached *** piety under Trog
   202 | D        | Found a bloodstained altar of Trog.
   202 | D        | Found a shimmering blue altar of Sif Muna.
   202 | D        | Found a viscous altar of Jiyva.
   202 | D        | Found a hazy altar of Hepliaklqana.
   202 | D        | Found an opulent altar of Gozag.
   203 | D        | Found a glowing golden altar of the Shining One.
   203 | D        | Found a glowing silver altar of Zin.
   203 | D        | Found a basalt altar of Yredelemnul.
   203 | D        | Found a shimmering altar of Xom.
   203 | D        | Found an ornate altar of the Wu Jian Council.
   203 | D        | Found a sacrificial altar of Ru.
   203 | D        | Found a stormy altar of Qazlal.
   203 | D        | Found an iron altar of Okawaru.
   203 | D        | Found a sparkling altar of Nemelex Xobeh.
   203 | D        | Found a burning altar of Makhleb.
   203 | D        | Found a blossoming altar of Fedhas.
   203 | D        | Found a white marble altar of Elyvilon.
   203 | D        | Found a shadowy altar of Dithmenos.
   203 | D        | Found a snail-covered altar of Cheibriados.
   206 | D        | Found a corrupted altar of Lugonu.
   206 | D        | Found a radiant altar of Vehumet.
   207 | D        | Found an ancient bone altar of Kikubaaqudgha.
   207 | D        | Found a hide-covered altar of Uskayaw.
   207 | D        | Found a broken altar of Ashenzari.
   248 | D        | Reached **** piety under Trog
   262 | D        | Reached ***** piety under Trog
   271 | D        | Received a gift from Trog
   278 | D        | Reached XP level 6. HP: 63/68 MP: 5/5
   283 | D        | Reached skill level 8 in Unarmed Combat
   334 | D        | Noticed a water moccasin
   334 | D        | Noticed a fire bat
   348 | D        | Killed a water moccasin
   414 | D        | Reached ****** piety under Trog
   415 | D        | Reached skill level 9 in Unarmed Combat
   415 | D        | Reached XP level 7. HP: 66/79 MP: 6/6
   422 | D        | Noticed Menkaure
   426 | D        | Killed Menkaure
   426 | D        | Received a gift from Trog
   441 | D        | Killed a fire bat
   442 | D        | Reached skill level 10 in Unarmed Combat
   510 | D        | Noticed Blork the orc
   511 | D        | Identified the +6 giant club "Tuamiacu" {antimagic, Fly
                  | rElec rF+ rC+} (Trog gifted it to you in the Dungeon)
   511 | D        | Received a gift from Trog
   518 | D        | Killed Blork the orc
   519 | D        | Reached XP level 8. HP: 92/92 MP: 7/7
   525 | D        | Noticed a freezing wraith
   525 | D        | Noticed a lindwurm
   534 | D        | HP: 2/92 [lindwurm/blast of flame (23)]
   535 | D        | Killed a lindwurm
   536 | D        | Reached skill level 11 in Unarmed Combat
   536 | D        | Killed a freezing wraith
   537 | D        | Reached skill level 10 in Fighting
   537 | D        | Reached skill level 10 in Dodging
   650 | D        | Noticed a deep elf pyromancer
   662 | D        | Noticed a snapping turtle
   663 | D        | Killed a deep elf pyromancer
   663 | D        | Received a gift from Trog
   664 | D        | Reached skill level 12 in Unarmed Combat
   664 | D        | Reached XP level 9. HP: 102/102 MP: 8/8
   702 | D        | Noticed a merfolk avatar
   725 | D        | Killed a merfolk avatar
   726 | D        | Reached skill level 13 in Unarmed Combat
   753 | D        | Noticed a great orb of eyes
   765 | D        | Killed a great orb of eyes
   923 | D        | Noticed a troll
   931 | D        | Reached XP level 10. HP: 111/115 MP: 9/9
   937 | D        | Reached skill level 14 in Unarmed Combat
   955 | D        | Received a gift from Trog
  1097 | D        | Noticed a merfolk siren
  1097 | D        | Noticed a cane toad
  1097 | D        | Noticed a rust devil
  1105 | D        | Killed a cane toad
  1111 | D        | Killed a rust devil
  1111 | D        | Received a gift from Trog
  1118 | D        | Killed a merfolk siren
  1119 | D        | Reached skill level 15 in Unarmed Combat
  1173 | D        | Noticed a molten gargoyle
  1178 | D        | Killed a molten gargoyle
  1179 | D        | Noticed a bog body
  1180 | D        | Noticed a minotaur
  1185 | D        | Killed a bog body
  1186 | D        | Reached XP level 11. HP: 29/127 MP: 10/10
  1198 | D        | Mangled by a minotaur

Illustrated notes

Levels and vault maps discovered:
D:        pitsprint [storerooms_1, entrance_room_1, metal_vault_3, armoury_3,
          mini_pit_1, grid_room_1, main_hall_1, silver_pit, the_coven_1,
          the_vestibule_1, steel_vault_5, golden_pit, hallway_of_sentries,
          crystal_vault_6, iron_vault_5, final_vault]

Skill      XL: |  1  2  3  4  5  6  7  8  9 10 |
---------------+-------------------------------+-----
Fighting       | 4 5 6 7 9 10 11 13 | 13.5
Dodging        | 4 5 6 7 8 10 11 13 | 13.3
Unarmed Combat | 5 6 7 9 10 12 13 15 | 15.7

Action                     |  1- 3 |  4- 6 |  7- 9 | 10-12 || total
---------------------------+-------+-------+-------+-------++-------
  Melee: Unarmed           |     7 |    75 |    72 |    50 ||   204
         Punch             |     1 |     2 |     4 |     1 ||     8
 Invoke: Berserk           |     1 |       |     1 |     2 ||     4
         Brothers in Arms  |       |       |     1 |     1 ||     2
    Use: Potion            |       |       |     1 |     3 ||     4
         Scroll            |       |       |       |     1 ||     1
 Armour: Animal skin       |     4 |    50 |    55 |    62 ||   171
  Dodge: Dodged            |     2 |    46 |    55 |    40 ||   143

Table legend: (Time is in decaauts)
 A = Elapsed time spent in this place.
 B = Non-inter-level travel time spent in this place.
 C = Inter-level travel time spent in this place.
 D = Time resting spent in this place.
 E = Time spent auto-exploring this place.
 F = Levels seen in this place.
 G = Mean time per level.
                   A        B        C        D        E       F      G
               +--------+--------+--------+--------+--------+-----+--------+
         Total |   1199 |   1140 |     59 |    449 |    125 |   1 | 1199.0 |
       Dungeon |   1199 |   1140 |     59 |    449 |    125 |   1 | 1199.0 |
               +--------+--------+--------+--------+--------+-----+--------+

Top non-repeatable levels by time:
       D: 1199 daAuts
